[Event "*** Titled Tuesday Blitz"]
[Site "Chess.com"]
[Date "2021.03.30"]
[Round "1"]
[White "albi1999"]
[Black "NoGuru"]
[Result "1-0"]
[WhiteElo "2619"]
[BlackElo "2320"]
[TimeControl "180+1"]
[EndTime "10:05:38 PDT"]
[Termination "albi1999 won by resignation"]

1. Nf3 d5 2. g3 Nf6 3. Bg2 e6 4. O-O Be7 5. c4 O-O 6. b3 c5 7. cxd5 Nxd5 8. Bb2 Nc6 9. d4 cxd4 10. Nxd4 Bd7 11. Nd2 Nxd4 12. Bxd4 Bf6 13. Nc4 Bc6 14. Rc1 Rc8 15. Qd2 b6 16. Rfd1 Bxd4 17. Qxd4 Qf6 18.
Qxf6 Nxf6 19. Nd6 Bxg2 20. Nxc8 Bh3 21. Nxa7 h5 22. Rc8 Rxc8 23. Nxc8 b5 24. f3 e5 25. Nd6 b4 26. Rc1 Nd5 27. Kf2 Be6 28. Rc5 Nc3 29. Rxc3 bxc3 30. Ke1 Kf8 31. Ne4 Ke7 32.
Nxc3 Kd6 33. b4 f5 34. Kd2 g5 35. e3 f4 36. exf4 exf4 37. gxf4 gxf4 38. Kd3 Ke5 39. a4 Bc8 40. a5 Bb7 41. Ne4 1-0

[Event "*** Titled Tuesday Blitz"]
[Site "Chess.com"]
[Date "2021.03.30"]
[Round "1"]
[White "tandaleo"]
[Black "sorrm8thatscheckm8"]
[Result "0-1"]
[WhiteElo "2335"]
[BlackElo "2628"]
[TimeControl "180+1"]
[EndTime "10:05:39 PDT"]
[Termination "sorrm8thatscheckm8 won by resignation"]

1. Nf3 Nf6 2. g3 g6 3. b4 Bg7 4. Bb2 O-O 5. Bg2 d5 6. O-O a5 7. b5 c6 8. bxc6 bxc6 9. d3 Nbd7 10. Nbd2 Rb8 11. Ba3 Ne8 12. Rb1 Nd6 13. c4 Ba6 14.
Bxd6 exd6 15. Qa4 Qc7 16. cxd5 cxd5 17. Rbc1 Nc5 18. Qh4 Qd8 19. Rc2 Bf6 20. Qf4 Re8 21. Nb3 Nxb3 22. axb3 Rb4 23. Qd2 Rxb3 24. Rfc1 a4 25. Rc6 Bb7 26. Rc7 a3 27. Ne1 Rb2 28.
Qa5 Rbxe2 29. Rxb7 Qxa5 0-1

[Event "*** Titled Tuesday Blitz"]
[Site "Chess.com"]
[Date "2021.03.30"]
[Round "1"]
[White "dhaessel"]
[Black "Oligan22"]
[Result "0-1"]
[WhiteElo "2014"]
[BlackElo "2494"]
[TimeControl "180+1"]
[EndTime "10:05:40 PDT"]
[Termination "Oligan22 won on time"]

1. d4 d6 2. Nf3 Bg4 3. c4 Nd7 4. Nc3 c6 5. e4 e5 6. d5 Ngf6 7.
h3 Bh5 8. Bd3 Nc5 9. Bc2 a5 10.
O-O Be7 11. Be3 Nfd7 12. a3 O-O 13. g4 Bg6 14. b4 axb4 15. axb4 Rxa1 16. Qxa1 Na6 17.
Qb2 Qb8 18. h4 h6 19. h5 Bh7 20. Nd2 Rc8 21. Rc1 Bg5 22. Bxg5 hxg5 23. f3 f6 24. Bd3 Kf8 25. Ne2 Bg8 26. Ng3 Bh7 27. Nf5 Bxf5 28. exf5 cxd5 29. cxd5 Rxc1+ 30. Qxc1 Nxb4 31. Bb5 Nc5 32. Qc4 Qa7 0-1

[Event "*** Titled Tuesday Blitz"]
[Site "Chess.com"]
[Date "2021.03.30"]
[Round "1"]
[White "xozr"]
[Black "korbul"]
[Result "1-0"]
[WhiteElo "2327"]
[BlackElo "2575"]
[TimeControl "180+1"]
[EndTime "10:05:44 PDT"]
[Termination "xozr won by resignation"]

1. e4 c5 2. Nf3 e6 3. d4 cxd4 4. Nxd4 Nf6 5. Nc3 d6 6. Be2 a6 7. O-O b5 8. a3 Bb7 9. Bf3 Qc7 10. Bg5 Nbd7 11. h3 h6 12. Bh4 g5 13. Bg3 Ne5 14.
Bh5 O-O-O 15. Re1 Kb8 16. Qe2 Rd7 17. Bxe5 dxe5 18. Nb3 Nxh5 19. Qxh5 f5 20. Rad1 Bd6 21. Qg6 f4 22. Qxe6 Rhh7 23. Nd5 Qd8 24. Nf6 Rhe7 25. Nxd7+ Rxd7 26. Nc5 Rc7 27. Rxd6 Qf8 28. Nxb7 f3 29. Rd8+ 1-0

[Event "*** Titled Tuesday Blitz"]
[Site "Chess.com"]
[Date "2021.03.30"]
[Round "1"]
[White "Kislov_Oleg"]
[Black "morte-negra"]
[Result "1-0"]
[WhiteElo "2481"]
[BlackElo "1884"]
[TimeControl "180+1"]
[EndTime "10:05:44 PDT"]
[Termination "Kislov_Oleg won by resignation"]

1. e4 c5 2. Nf3 d6 3. c3 Nf6 4.
Be2 g6 5. O-O Bg7 6. Re1 e5 7.
d4 cxd4 8. cxd4 Qc7 9. Nc3 a6 10. Bg5 Be6 11. Rc1 Qa5 12. dxe5 dxe5 13. Qd6 Nc6 14.
Nd5 Nxd5 15. exd5 Qxd5 16. Rxc6 Qxd6 17. Rxd6 Bxa2 18. Nxe5 Bxe5 19. Bf3 Be6 20. Rxe5 1-0

[Event "*** Titled Tuesday Blitz"]
[Site "Chess.com"]
[Date "2021.03.30"]
[Round "1"]
[White "Kildepiotr"]
[Black "PavelChernomordik"]
[Result "1-0"]
[WhiteElo "2691"]
[BlackElo "2373"]
[TimeControl "180+1"]
[EndTime "10:05:45 PDT"]
[Termination "Kildepiotr won by checkmate"]

1. Nf3 g6 2. g3 Bg7 3. d4 d6 4.
Bg2 Nf6 5. O-O O-O 6. Nbd2 Nbd7 7.
e4 c6 8. Qe2 e5 9. dxe5 dxe5 10. a4 a5 11. b3 b6 12. Rd1 Qc7 13. Ba3 Ba6 14. Nc4 Nc5 15. Bxc5 bxc5 16. Bf1 Rfd8 17.
Qe1 Bxc4 18. Bxc4 Bh6 19. Qc3 Rd4 20. Nxd4 cxd4 21. Qf3 Kg7 22. c3 c5 23. Qd3 Qc6 24. Re1 Rd8 25. b4 cxb4 26. cxb4 axb4 27. a5 Nd7 28. a6 Nc5 29. Qf3 f6 30. a7 d3 31.
Bd5 Qb5 32. a8=Q Rxa8 33. Rxa8 Bd2 34. Ra7+ Kh6 35. Qxf6 Bxe1 36. Qh4# 1-0

[Event "*** Titled Tuesday Blitz"]
[Site "Chess.com"]
[Date "2021.03.30"]
[Round "1"]
[White "03revilo"]
[Black "As0nchess"]
[Result "0-1"]
[WhiteElo "2340"]
[BlackElo "2638"]
[TimeControl "180+1"]
[EndTime "10:05:46 PDT"]
[Termination "As0nchess won on time"]

1. d4 Nf6 2. Bf4 d5 3. e3 c5 4. c3 Nc6 5. Nd2 cxd4 6. exd4 Bf5 7. Qb3 Qb6 8. Ngf3 e6 9. Qxb6 axb6 10. Bb5 Nd7 11.
O-O Be7 12. Rfe1 O-O 13. a4 Rfc8 14. h3 h6 15. g4 Bh7 16. Kg2 Nf6 17. Ne5 Na7 18.
Bd3 Bxd3 19. Nxd3 Nc6 20. Nf3 Ne8 21. Nfe5 Nd6 22. Nd7 Ra6 23. Nb4 Nxb4 24. cxb4 b5 25. a5 Nc4 26. Nc5 Bxc5 27. bxc5 Nxb2 28. Reb1 Nd3 29.
Bd2 e5 30. Rxb5 exd4 31. Rxb7 Nxc5 32. Rb6 Rxb6 33. axb6 Nb3 34. Rd1 Rb8 0-1

[Event "*** Titled Tuesday Blitz"]
[Site "Chess.com"]
[Date "2021.03.30"]
[Round "1"]
[White "Horizonevent"]
[Black "esteban062000"]
[Result "1-0"]
[WhiteElo "2521"]
[BlackElo "2185"]
[TimeControl "180+1"]
[EndTime "10:05:46 PDT"]
[Termination "Horizonevent won by resignation"]

1. e4 c5 2. Nf3 g6 3. d4 cxd4 4.
Nxd4 Nc6 5. Ne2 Bg7 6. g3 Nf6 7.
Bg2 O-O 8. O-O d6 9. Nbc3 Bg4 10. h3 Bd7 11. Nd5 Rc8 12. c3 a6 13. Be3 Nxd5 14.
exd5 Ne5 15. Bd4 Bb5 16. b3 a5 17. Kh2 Nd7 18. c4 Ba6 19. a4 Nc5 20. Bxg7 Kxg7 21.
Nd4 Nd7 22. f4 Nf6 23. Qd2 Qb6 24. Rae1 Rfe8 25. f5 Bxc4 26. bxc4 Rxc4 27. Rf4 Qc5 28. Rh4 h5 29. fxg6 fxg6 30. Ne6+ 1-0

[Event "*** Titled Tuesday Blitz"]
[Site "Chess.com"]
[Date "2021.03.30"]
[Round "1"]
[White "seorobert1971"]
[Black "Caterpiller35"]
[Result "1-0"]
[WhiteElo "2731"]
[BlackElo "2397"]
[TimeControl "180+1"]
[EndTime "10:05:47 PDT"]
[Termination "seorobert1971 won by resignation"]

1. Nf3 Nf6 2. d4 e6 3. c4 b6 4.
Nc3 Bb4 5. Bd2 Bb7 6. g3 Bxc3 7. Bxc3 Ne4 8. Rc1 O-O 9. Bg2 d6 10. O-O Nxc3 11. Rxc3 Nd7 12. Qc2 f5 13. Nd2 Bxg2 14.
Kxg2 a5 15. b3 e5 16. dxe5 Nxe5 17. f4 Ng4 18. e4 fxe4 19. Nxe4 Qe7 20. h3 Nf6 21.
Re3 Rae8 22. Rfe1 Nxe4 23. Rxe4 Qf7 24. Qd3 Rxe4 25. Qxe4 Qf5 26. Qxf5 Rxf5 27. Re7 Rf7 28. Re8+ Rf8 29. Rxf8+ Kxf8 30. Kf3 Ke7 31. Ke4 c6 32. f5 Kf6 33. Kf4 h5 34. g4 hxg4 35. hxg4 g5+ 36.
Ke4 Ke7 37. a3 Kf6 38. b4 axb4 39. axb4 Ke7 40. Kd4 Kd7 41. b5 1-0

[Event "*** Titled Tuesday Blitz"]
[Site "Chess.com"]
[Date "2021.03.30"]
[Round "1"]
[White "Cocaino74"]
[Black "NateSolon"]
[Result "0-1"]
[WhiteElo "2269"]
[BlackElo "2571"]
[TimeControl "180+1"]
[EndTime "10:05:47 PDT"]
[Termination "NateSolon won by resignation"]

1. e4 c5 2. Nf3 d6 3. Bb5+ Nd7 4.
Bf1 Ngf6 5. d3 g6 6. g3 Bg7 7. Bg2 O-O 8. O-O Rb8 9. a4 b6 10. Nbd2 Bb7 11. Nc4 a6 12. e5 dxe5 13. Nfxe5 Bxg2 14. Kxg2 Nxe5 15. Nxe5 Qd5+ 16. Nf3 Rfd8 17. Re1 Rb7 18.
Re5 Qc6 19. Qe2 e6 20. Bg5 h6 21. Bd2 Nd5 22. Re4 Bxb2 23. Rb1 Bg7 24. h4 h5 25. Ng5 f5 26. Nxe6 Rd6 27. Nxg7 Kxg7 0-1

[Event "*** Titled Tuesday Blitz"]
[Site "Chess.com"]
[Date "2021.03.30"]
[Round "1"]
[White "StockholmMissile"]
[Black "AEMEffi"]
[Result "1-0"]
[WhiteElo "2569"]
[BlackElo "2269"]
[TimeControl "180+1"]
[EndTime "10:05:47 PDT"]
[Termination "StockholmMissile won on time"]

1. d4 d5 2. c4 c6 3. Nf3 Nf6 4.
Nc3 a6 5. c5 Bf5 6. Bf4 e6 7.
e3 h6 8. Bd3 Bxd3 9. Qxd3 Be7 10.
O-O Nbd7 11. b4 O-O 12. h3 Re8 13. a4 Bf8 14. Ne5 Nxe5 15. dxe5 Nd7 16. a5 g6 17. Bh2 Bg7 18. f4 f5 19. Ne2 h5 20.
Nd4 Kf7 21. Rf3 Rh8 22. Ra2 Bf8 23. g3 Be7 24. Kf1 Qf8 25. Rg2 Bxc5 26. bxc5 Qxc5 27. Ra2 Qc1+ 28. Kg2 h4 29. Rff2 hxg3 30. Bxg3 1-0

[Event "*** Titled Tuesday Blitz"]
[Site "Chess.com"]
[Date "2021.03.30"]
[Round "1"]
[White "SilviusTiberius"]
[Black "Michaelson_11"]
[Result "1-0"]
[WhiteElo "2558"]
[BlackElo "2258"]
[TimeControl "180+1"]
[EndTime "10:05:47 PDT"]
[Termination "SilviusTiberius won on time"]

1. e4 c5 2. Nf3 Nc6 3. d4 cxd4 4. Nxd4 g6 5. c4 Nf6 6. Nc3 d6 7. f3 Nxd4 8. Qxd4 Bg7 9. Be3 O-O 10. Qd2 Be6 11. Be2 Qa5 12. Rc1 Rfc8 13. b3 a6 14. Na4 Qxd2+ 15. Kxd2 Nd7 16. g4 f5 17. gxf5 gxf5 18. Nc3 Nf6 19. Rhg1 Kf7 20. Nd5 Bxd5 21. exd5 b5 22. Bd3 bxc4 23. bxc4 Rab8 24. Rb1 Ne8 25.
Bxf5 Rxb1 26. Rxb1 Rxc4 27. Be6+ Kf6 28. Kd3 Ra4 29.
Bd4+ Rxd4+ 30. Kxd4 Kg5+ 31. Ke3 Nc7 32. Rb7 Nxe6 33. dxe6 Kf6 34. Ra7 Kxe6 35. Rxa6 Bh6+ 36. Ke4 Bd2 37. f4 Kf6 38. f5 1-0

[Event "*** Titled Tuesday Blitz"]
[Site "Chess.com"]
[Date "2021.03.30"]
[Round "1"]
[White "rasmussvane"]
[Black "gaby_przz"]
[Result "1-0"]
[WhiteElo "2913"]
[BlackElo "2460"]
[TimeControl "180+1"]
[EndTime "10:05:50 PDT"]
[Termination "rasmussvane won by resignation"]

1. Nf3 Nf6 2. g3 g6 3. Bg2 Bg7 4. O-O O-O 5. d4 d6 6. Re1 Bf5 7. Nbd2 d5 8. Nh4 Bc8 9. c3 Nbd7 10. e4 dxe4 11. Nxe4 Nxe4 12. Bxe4 Nf6 13. Bg2 c6 14. Bf4 Bg4 15. Qb3 Qd7 16. Be5 Nd5 17. Bxg7 Kxg7 18. Re5 Nb6 19. Rae1 Rae8 20. Qb4 Be6 21. Nf3 Qd6 22.
a3 Nc4 23. R5e2 a5 24. Qxb7 Rb8 25. Qa7 Rxb2 26. Rxb2 Nxb2 27. Ng5 Bd5 28. Bxd5 Qxd5 29. Qxe7 Kg8 30. Ne4 Kg7 31. Qf6+ Kg8 32. Qf4 f5 33. Nc5 Nc4 34. Re7 Nxa3 35. Qh6 1-0

[Event "*** Titled Tuesday Blitz"]
[Site "Chess.com"]
[Date "2021.03.30"]
[Round "1"]
[White "guillembaches"]
[Black "ChessWarrior7197"]
[Result "0-1"]
[WhiteElo "2458"]
[BlackElo "2894"]
[TimeControl "180+1"]
[EndTime "10:05:50 PDT"]
[Termination "ChessWarrior7197 won by checkmate"]

1. e4 c6 2. c4 d5 3. exd5 cxd5 4. cxd5 Nf6 5. Nc3 Nxd5 6. Nf3 Nc6 7. Bb5 e6 8. O-O Be7 9. d4 O-O 10. Re1 a6 11.
Bxc6 bxc6 12. Ne4 a5 13. Ne5 Qb6 14. Nc4 Qc7 15. Bg5 f6 16. Bh4 Ba6 17. Bg3 Qd8 18.
Rc1 f5 19. Ne5 fxe4 20. Nxc6 Qe8 21. Nxe7+ Qxe7 22. Rxe4 Rac8 23. Rxc8 Rxc8 24. h3 Bb7 25. Re5 Qf7 26. Qe2 Nf4 27. Qg4 Nxg2 28. Rxe6 Rc1+ 29. Kh2 Ne3 30. Rxe3 Rh1# 0-1

[Event "*** Titled Tuesday Blitz"]
[Site "Chess.com"]
[Date "2021.03.30"]
[Round "1"]
[White "DanilovVladimir"]
[Black "Flutaga"]
[Result "1-0"]
[WhiteElo "2494"]
[BlackElo "2011"]
[TimeControl "180+1"]
[EndTime "10:05:50 PDT"]
[Termination "DanilovVladimir won on time"]

1. d4 d5 2. c4 e6 3. Nc3 Nf6 4. Bg5 Nbd7 5. e3 Be7 6. Nf3 O-O 7. Qc2 b6 8. cxd5 Nxd5 9. Nxd5 exd5 10. Bxe7 Qxe7 11. Qxc7 Qb4+ 12. Qc3 Qd6 13. Bd3 Bb7 14. O-O Rac8 15. Qd2 Nf6 16. Rac1 Ne4 17. Bxe4 dxe4 18. Ne5 f6 19. Nc4 Qd5 20. b3 Ba6 21. Qb4 Rc6 22. Rc3 Rfc8 23. Rfc1 Bb5 24. Nd2 a5 25. Rxc6 axb4 26.
Rxc8+ Kf7 27. R1c7+ Kg6 28. Nc4 Ba6 29. Re8 Bxc4 30. Rxc4 Qa5 31. Rc2 Kh6 32. h3 Qb5 33. Rxe4 Qd3 34. Rh4+ 1-0

[Event "*** Titled Tuesday Blitz"]
[Site "Chess.com"]
[Date "2021.03.30"]
[Round "1"]
[White "GOGIEFF"]
[Black "crazy_but_lazy"]
[Result "1-0"]
[WhiteElo "2897"]
[BlackElo "2458"]
[TimeControl "180+1"]
[EndTime "10:05:57 PDT"]
[Termination "GOGIEFF won by resignation"]

1. d4 d5 2. c4 e6 3. Nc3 Nf6 4. cxd5 exd5 5. Bg5 c6 6. e3 Bd6 7. Qc2 h6 8. Bxf6 Qxf6 9. Nxd5 Qd8 10. Nc3 O-O 11.
Bc4 Nd7 12. Nf3 Nb6 13. Bb3 Bg4 14. Ne5 Bxe5 15. dxe5 Qe7 16. f4 Rad8 17. O-O Rd7 18. Qe4 Rd2 19. f5 Qg5 20. e6 Bh3 21. g3 Bxf1 22.
Rxf1 fxe6 23. Bxe6+ Kh8 24. Qf3 Rd3 25. Re1 Nd5 26.
Nxd5 cxd5 27. Qe2 1-0

[Event "*** Titled Tuesday Blitz"]
[Site "Chess.com"]
[Date "2021.03.30"]
[Round "1"]
[White "Shield12"]
[Black "djano"]
[Result "1-0"]
[WhiteElo "2813"]
[BlackElo "2430"]
[TimeControl "180+1"]
[EndTime "10:05:57 PDT"]
[Termination "Shield12 won by resignation"]

1. e4 c5 2. Nf3 g6 3. c3 Nf6 4. e5 Nd5 5. d4 cxd4 6. cxd4 Bg7 7. Bc4 Nb6 8. Bb3 d5 9. O-O Bg4 10. Nbd2 Nc6 11. h3 Bf5 12. Nb1 O-O 13. Nc3 Rc8 14.
a3 Kh8 15. Re1 a6 16. Bf4 Na5 17. Ba2 Nac4 18. Qc1 Qd7 19. Bh6 f6 20. Bxg7+ Kxg7 21. exf6+ exf6 22. Bb3 Rfe8 23. Rxe8 Qxe8 24. a4 Na5 25.
Bc2 Qd7 26. Bxf5 Qxf5 27. Qe3 Rc7 28. Re1 Nac4 29. Qe2 Nd6 30. a5 Nbc4 31. g4 Qc8 32. Nxd5 Rf7 33. Rc1 Qc6 34. Ne3 Rc7 35. b3 Qe4 36.
bxc4 Nxc4 37. Nd2 Nxd2 38. Rxc7+ 1-0

[Event "*** Titled Tuesday Blitz"]
[Site "Chess.com"]
[Date "2021.03.30"]
[Round "1"]
[White "NiranjanNavalgund"]
[Black "MIJuanReyesRosa"]
[Result "1-0"]
[WhiteElo "2507"]
[BlackElo "2114"]
[TimeControl "180+1"]
[EndTime "10:05:58 PDT"]
[Termination "NiranjanNavalgund won on time"]

1. e4 c5 2. d4 cxd4 3. c3 g6 4.
Nf3 Nf6 5. h4 Nxe4 6. Qxd4 Nf6 7. h5 Nc6 8. Qd1 Nxh5 9. Rxh5 gxh5 10. Bc4 Bg7 11. Ng5 e6 12. Qxh5 Qf6 13. Be3 d5 14. Bb5 Bd7 15. Nd2 h6 16. Ngf3 O-O-O 17. O-O-O Ne5 18.
Be2 Ng6 19. g3 Kb8 20. Nb3 Rc8 21. Nc5 Bc6 22. Nd4 Ne5 23. f4 Nc4 24. Nxc6+ Rxc6 25. Nd7+ Ka8 26. Nxf6 Nxe3 27. Qxf7 Bxf6 28. Qxf6 Rhc8 29. Rh1 Nd1 30. Bxd1 1-0

[Event "*** Titled Tuesday Blitz"]
[Site "Chess.com"]
[Date "2021.03.30"]
[Round "1"]
[White "Federtiu"]
[Black "Nemsko"]
[Result "1-0"]
[WhiteElo "2637"]
[BlackElo "2338"]
[TimeControl "180+1"]
[EndTime "10:05:59 PDT"]
[Termination "Federtiu won by resignation"]

1. e4 e5 2. Nc3 Nc6 3. f4 d6 4. Bc4 Nf6 5. Nf3 Be7 6. O-O O-O 7. d3 exf4 8. Bxf4 Bg4 9. Qd2 Qd7 10. d4 Rae8 11.
Rae1 Bd8 12. h3 Bh5 13. d5 Ne5 14. Nxe5 dxe5 15. Bb5 c6 16. dxc6 bxc6 17. Qxd7 Nxd7 18.
Bxc6 exf4 19. Bxd7 Bb6+ 20. Kh1 Rd8 21. Bb5 Rd2 22. Bd3 Bf2 23. Rc1 f3 24. Nb1 fxg2+ 25. Kxg2 1-0

[Event "*** Titled Tuesday Blitz"]
[Site "Chess.com"]
[Date "2021.03.30"]
[Round "1"]
[White "PotapovaM"]
[Black "DKmirl"]
[Result "1-0"]
[WhiteElo "2491"]
[BlackElo "1967"]
[TimeControl "180+1"]
[EndTime "10:05:59 PDT"]
[Termination "PotapovaM won by resignation"]

1. d4 Nf6 2. c4 e6 3. Nf3 c5 4. d5 exd5 5. cxd5 d6 6. Nc3 g6 7.
Bf4 Bg7 8. Qa4+ Bd7 9. Qb3 Bc8 10. e4 O-O 11. Be2 Nh5 12. Bg5 Bf6 13. Bh6 Bg7 14. Bg5 Bf6 15. Be3 Qa5 16. O-O Na6 17. Nd2 Qb4 18. Qc2 Qb6 19. Nc4 Qd8 20. Nb5 Nb4 21. Qb3 Be7 22. Bxh5 gxh5 23. Bf4 f5 24. Bh6 Rf6 25.
Bg5 Rg6 26. Bxe7 Qxe7 27. e5 dxe5 28. d6 Qg5 29. g3 f4 30. Nc7 Rb8 31. Nxe5+ Kg7 32.
Qf7+ Kh6 33. Qf8+ Rg7 34. Nf7+ Kg6 35. Nxg5 Kxg5 36. Qxg7+ 1-0

[Event "*** Titled Tuesday Blitz"]
[Site "Chess.com"]
[Date "2021.03.30"]
[Round "1"]
[White "skeyman"]
[Black "ehrenfeld"]
[Result "1-0"]
[WhiteElo "2252"]
[BlackElo "2523"]
[TimeControl "180+1"]
[EndTime "10:06:01 PDT"]
[Termination "skeyman won on time"]

1. Nf3 Nf6 2. e3 g6 3. c4 Bg7 4. Nc3 O-O 5. b3 d6 6. Bb2 e5 7. Ne2 c5 8. Ng3 Nc6 9. a3 h6 10. Qc2 Re8 11. h4 e4 12. Ng1 Ne5 13.
Nh3 d5 14. cxd5 Qxd5 15. Bc4 Nxc4 16. bxc4 Qc6 17. Nf4 Bg4 18. Rb1 b6 19. Bc3 Rad8 20. Qb2 Rd6 21. Nd5 Bc8 22. h5 g5 23. O-O Rxd5 24.
cxd5 Qd6 25. Rbd1 Ba6 26. Nf5 1-0

[Event "*** Titled Tuesday Blitz"]
[Site "Chess.com"]
[Date "2021.03.30"]
[Round "1"]
[White "TosicSrecko"]
[Black "ErikBlomqvist"]
[Result "0-1"]
[WhiteElo "2315"]
[BlackElo "2614"]
[TimeControl "180+1"]
[EndTime "10:06:04 PDT"]
[Termination "ErikBlomqvist won by resignation"]

1. d4 Nf6 2. Bg5 d5 3. e3 c5 4.
Nd2 Nc6 5. Ngf3 Bg4 6. Be2 e6 7. c3 Qb6 8. Qb3 c4 9. Qc2 Bd6 10. O-O Bf5 11. Qc1 Ne4 12. Bh4 Qc7 13. Bg3 Nxg3 14.
hxg3 h5 15. b3 cxb3 16. axb3 a6 17. c4 Rc8 18. Nh4 Bg4 19. Re1 g5 20. Nhf3 h4 21.
c5 Be7 22. Ne5 Nxe5 23. dxe5 Bxe2 24. Rxe2 hxg3 25. f4 gxf4 0-1

[Event "*** Titled Tuesday Blitz"]
[Site "Chess.com"]
[Date "2021.03.30"]
[Round "1"]
[White "Godzillator"]
[Black "Jungle_Jaguar"]
[Result "0-1"]
[WhiteElo "2308"]
[BlackElo "2609"]
[TimeControl "180+1"]
[EndTime "10:06:04 PDT"]
[Termination "Jungle_Jaguar won by resignation"]

1. d4 d5 2. c4 c6 3. cxd5 cxd5 4. Bf4 Nc6 5. e3 a6 6. Nc3 Nf6 7. Bd3 Bg4 8. Nge2 e6 9. O-O Bd6 10. Bxd6 Qxd6 11. Rc1 O-O 12. Na4 Rfc8 13. Nc5 Qe7 14. a3 e5 15. dxe5 Nxe5 16. b4 a5 17. h3 Bh5 18. Qb3 Ne4 19. Nf4 Nd2 20. Qxd5 Rd8 21. Qxb7 Qg5 22. Rfe1 Bf3 23. Qb6 Nxd3 24. Ncxd3 Rxd3 25. Rc5 Rd5 26. Rxd5 Bxd5 27. Qd4 Nf3+ 28. Kf1 Nxd4 0-1

[Event "*** Titled Tuesday Blitz"]
[Site "Chess.com"]
[Date "2021.03.30"]
[Round "1"]
[White "Nikolakis2014"]
[Black "kidagent"]
[Result "1-0"]
[WhiteElo "2605"]
[BlackElo "2306"]
[TimeControl "180+1"]
[EndTime "10:06:05 PDT"]
[Termination "Nikolakis2014 won by checkmate"]

1. Nf3 Nf6 2. c4 c6 3. d4 d5 4.
Nc3 dxc4 5. e4 b5 6. Be2 e6 7. O-O Be7 8. a4 b4 9. e5 Nd5 10. Ne4 Ba6 11. Bg5 O-O 12. Bxe7 Qxe7 13. Rc1 Nd7 14.
Bxc4 Bxc4 15. Rxc4 Rac8 16. a5 f6 17. Re1 fxe5 18.
dxe5 Rxf3 19. Qxf3 Nxe5 20. Qe2 Nxc4 21. Qxc4 Qc7 22.
g3 Qxa5 23. Nd6 Rf8 24. Qxc6 b3 25. Rxe6 Qa1+ 26. Kg2 Qxb2 27. Qxd5 Qxf2+ 28. Kh3 Qf1+ 29. Kh4 b2 30. Re8+ Kh8 31. Nf7+ Qxf7 32. Qxf7 Rxe8 33. Qxe8# 1-0

[Event "*** Titled Tuesday Blitz"]
[Site "Chess.com"]
[Date "2021.03.30"]
[Round "1"]
[White "c_r_e_e_p_e_r"]
[Black "ChessQueen"]
[Result "0-1"]
[WhiteElo "2382"]
[BlackElo "2706"]
[TimeControl "180+1"]
[EndTime "10:06:06 PDT"]
[Termination "ChessQueen won on time"]

1. d4 Nf6 2. c4 e6 3. Nc3 Bb4 4. e3 b6 5. Nf3 Bb7 6. Bd2 Bxc3 7. Bxc3 Ne4 8. Rc1 d6 9. Bd3 Nxc3 10. Rxc3 Nd7 11.
O-O O-O 12. b4 a5 13. a3 e5 14. d5 f5 15. e4 fxe4 16. Bxe4 Rf4 17. Nd2 axb4 18. axb4 Nf6 19. f3 Rh4 20. Qe1 Rh6 21.
Qg3 Ra2 22. Rf2 Nh5 23. Qg4 Bc8 24. Bf5 Bxf5 25. Qxf5 Nf4 26. Rc2 Rf6 27. Qe4 Ra1+ 28. Rf1 Qa8 29. Rcc1 Rxc1 30. Rxc1 Qa3 0-1

[Event "*** Titled Tuesday Blitz"]
[Site "Chess.com"]
[Date "2021.03.30"]
[Round "1"]
[White "Niktlt"]
[Black "Irina_Baraeva"]
[Result "1-0"]
[WhiteElo "2590"]
[BlackElo "2290"]
[TimeControl "180+1"]
[EndTime "10:06:06 PDT"]
[Termination "Niktlt won by resignation"]

1. c4 e5 2. Nc3 Nf6 3. Nf3 Nc6 4.
e4 Bc5 5. Nxe5 Bxf2+ 6. Kxf2 Nxe5 7. d4 Ng6 8. Bd3 d6 9. Rf1 O-O 10. Kg1 Bg4 11. Qc2 c6 12. Bg5 Qb6 13. Bxf6 gxf6 14. Qf2 Rae8 15. h3 Bd7 16. Rad1 Re6 17. Be2 Qxb2 18.
Qe3 Rfe8 19. Bg4 R6e7 20. Bxd7 Rxd7 21. Rxf6 Rde7 22. Rdf1 Qc2 23. R6f2 Rxe4 24. Nxe4 Qxe4 25. Qxe4 Rxe4 26. Rxf7 Rxd4 27. Rxb7 Rxc4 28. Rxa7 d5 29. a4 d4 30. a5 d3 31. Rd7 Ne5 32. Rd8+ Kg7 33.
Re1 Kf6 34. a6 Ra4 35. Rf8+ Kg7 36. Ra8 d2 37. Rd1 Nc4 38. a7 Ra2 39. Kf2 c5 40. Ke2 Ra3 41. Rb1 Re3+ 42. Kf2 Ra3 43. Rd1 Nd6 44.
Ke2 Ne4 45. Re8 Nc3+ 46. Kxd2 Nxd1 47. a8=Q Rxa8 48. Rxa8 Nf2 49. Rc8 Kg6 50. Ke3 Nd1+ 51. Kf3 Nc3 52. Rxc5 1-0

[Event "*** Titled Tuesday Blitz"]
[Site "Chess.com"]
[Date "2021.03.30"]
[Round "1"]
[White "serhanberat_ozdemir"]
[Black "MergenKakabaev"]
[Result "1-0"]
[WhiteElo "2687"]
[BlackElo "2363"]
[TimeControl "180+1"]
[EndTime "10:06:07 PDT"]
[Termination "serhanberat_ozdemir won by resignation"]

1. e4 e5 2. Nf3 Nc6 3. d4 exd4 4. Bc4 Nf6 5. e5 d5 6. Bb5 Ne4 7. Nxd4 Bc5 8. Be3 Bd7 9. Bxc6 bxc6 10. O-O O-O 11.
f3 Ng5 12. f4 Ne4 13. Nd2 Nxd2 14. Qxd2 Qe7 15. Rae1 Bb6 16. Nb3 Bf5 17. c3 Be4 18. a4 Rab8 19. Nd4 Qd7 20. b4 c5 21. bxc5 Bxc5 22. Nb5 Bxe3+ 23. Rxe3 a6 24. Rxe4 axb5 25. f5 f6 26. e6 Qd6 27. Rg4 bxa4 28. Rxa4 Rb3 29.
Rd4 c6 30. c4 Qc5 31. cxd5 Rd8 32. Kh1 cxd5 33. Rc1 Qd6 34. Rxd5 Rb1 1-0

[Event "*** Titled Tuesday Blitz"]
[Site "Chess.com"]
[Date "2021.03.30"]
[Round "1"]
[White "WisdomGame"]
[Black "Orest_Vovk"]
[Result "1/2-1/2"]
[WhiteElo "2002"]
[BlackElo "2481"]
[TimeControl "180+1"]
[EndTime "10:06:07 PDT"]
[Termination "Game drawn by agreement"]

1. Nf3 h6 2. h4 g5 3. hxg5 Bg7 4. d4 d6 5. gxh6 Bxh6 6. Bxh6 Rxh6 7. Rxh6 Nxh6 8. e3 c6 9. Nbd2 Qa5 10. c3 Be6 11.
Bc4 d5 12. Bd3 Nd7 13. Qb3 O-O-O 14. O-O-O Ng4 15. Rf1 c5 16. Qa3 Qxa3 17. bxa3 c4 18. Bc2 Rg8 19. g3 f5 20. Ba4 Ndf6 21. Ne5 Nxe5 22.
dxe5 Ng4 23. Nf3 Bd7 24. Bc2 e6 25. Kd2 Rh8 26. Ke2 Be8 27. Bd1 Bd7 28. Bc2 Kc7 29. Rb1 a6 30. a4 b6 31. Rf1 a5 32. Rb1 Rh5 33. Rf1 Rh8 34. Rb1 Rh6 35. Rf1 Be8 36.
Bd1 1/2-1/2

[Event "*** Titled Tuesday Blitz"]
[Site "Chess.com"]
[Date "2021.03.30"]
[Round "1"]
[White "lider34"]
[Black "amintabatabaei"]
[Result "0-1"]
[WhiteElo "2474"]
[BlackElo "3024"]
[TimeControl "180+1"]
[EndTime "10:06:08 PDT"]
[Termination "amintabatabaei won by resignation"]

1. e4 c5 2. c3 Nf6 3. e5 Nd5 4.
d4 cxd4 5. Nf3 e6 6. cxd4 d6 7. Nc3 Nxc3 8. bxc3 Qc7 9. Bd2 Bd7 10.
Bd3 Bc6 11. O-O Nd7 12. exd6 Bxd6 13. h3 O-O 14. Re1 Rac8 15. c4 Bf4 16. Bc3 Rfd8 17.
Qe2 b5 18. c5 Nf6 19. Rad1 Nd5 20. Ba1 a6 21. Be4 g6 22. g3 Bh6 23. Ne5 Ba8 24.
h4 Bg7 25. h5 Ne7 26. Bxa8 Rxa8 27. hxg6 hxg6 28. Qf3 Bxe5 29. Rxe5 Rd5 30. Kg2 Qc6 31. Rxd5 Qxd5 32. Qxd5 Nxd5 33. Kf3 Kf8 34. Ke4 Ke7 35. Rh1 Rd8 36. Bb2 Nf6+ 37. Ke3 Nd5+ 38. Ke4 f5+ 39.
Ke5 Nf6 40. f3 g5 0-1

[Event "*** Titled Tuesday Blitz"]
[Site "Chess.com"]
[Date "2021.03.30"]
[Round "1"]
[White "azikom"]
[Black "eCztery"]
[Result "1-0"]
[WhiteElo "2689"]
[BlackElo "2366"]
[TimeControl "180+1"]
[EndTime "10:06:09 PDT"]
[Termination "azikom won by resignation"]

1. d4 Nf6 2. Nf3 c5 3. d5 b5 4. Bg5 Bb7 5. Bxf6 exf6 6. e4 b4 7. Nbd2 d6 8. Bd3 g6 9. O-O Bg7 10.
Nc4 O-O 11. Re1 Qc7 12. Nfd2 Nd7 13. Qf3 Ne5 14. Qg3 a5 15. f4 Nxc4 16. Nxc4 f5 17.
exf5 Bxd5 18. fxg6 hxg6 19. f5 Bxc4 20. Bxc4 Kh7 21.
Rf1 Qe7 22. Rae1 Qf6 23. b3 Rae8 24. Rxe8 Qd4+ 25. Re3 Re8 26. fxg6+ fxg6 27. Qh3+ Bh6 28. Rf7+ Kg8 29. Re7+ d5 30. Rxe8+ 1-0